 Dungeon Crawl Stone Soup version 0.31.0-11-ge490571c62 (webtiles) character file.

Game seed: 1611272373127755205

8 browni3141 the Conjurer (level 2, 0/19 HPs)
             Began as a Demonspawn Conjurer on Jan 30, 2024.
             Slain by a rat (2 damage)
             ... on level 1 of the Dungeon.
             The game lasted 00:00:14 (195 turns).

browni3141 the Conjurer (Demonspawn Conjurer)        Turns: 195, Time: 00:00:15

Health: 0/19       AC:  2    Str:  7    XL:     2   Next: 0%
Magic:  4/5        EV: 12    Int: 18    God:
Gold:   16         SH:  0    Dex: 11    Spells: 4/5 levels left

rFire   . . .        d - +2 short sword (flame)
rCold   . . .        (no shield)
rNeg    . . .        a - +0 robe
rPois   .            (helmet restricted)
rElec   .            (no cloak)
rCorr   .            (no gloves)
SInv    .            (no boots)
Will    .....        (no amulet)
Stlth   ++           (no ring)
HPRegen 0.23/turn    (no ring)
MPRegen 0.09/turn

%: no passive effects
@: no status effects
A: antennae 1
a: no special abilities


You were on level 1 of the Dungeon.
You visited 1 branch of the dungeon, and saw 1 of its levels.

You collected 16 gold pieces.

Inventory:

Hand Weapons
 d - a +2 short sword of flaming (weapon)
Armour
 a - a +0 robe (worn)
Jewellery
 g - a ring of resist corrosion
Scrolls
 c - a scroll of poison {unknown}
 e - a scroll of teleportation {unknown}
 f - a scroll of vulnerability {unknown}
Potions
 b - a potion of magic


   Skills:
 + Level 2.0 Dodging
 + Level 2.0 Stealth
 + Level 2.1 Spellcasting
 + Level 4.1 Conjurations


You had 4 spell levels left.
You knew the following spells:

 Your Spells              Type           Power      Damage    Failure   Level
a - Magic Dart            Conj           64%        1d6       3%          1

Your spell library contained the following spells:

 Spells                   Type           Power      Damage    Failure   Level
 Searing Ray              Conj           32%        2d5       4%          2
 Fulminant Prism          Conj/Alch      4%         3d5       58%         4
 Iskenderun's Mystic Bla  Conj/Tloc      9%         2d4       58%         4


Dungeon Overview and Level Annotations

Branches:
Dungeon (1/15)

Altars:

Annotations:
D:1 2 transporters


Innate Abilities, Weirdness & Mutations

You have a pair of small antennae on your head.


Message History

There are monsters nearby!
There are monsters nearby!
There are monsters nearby!
The magic dart hits the kobold.
You kill the kobold!
The magic dart hits the rat.
You kill the rat!
You can't see any susceptible monsters within range! (Use Z to cast anyway.)
You can't see any susceptible monsters within range! (Use Z to cast anyway.) Magic restored.
c - a scroll labelled LEMUSU USICUU A bat comes into view.
The magic dart hits the bat.
The bat is moderately wounded.
The magic dart hits the bat.
The bat is heavily wounded.
The magic dart hits the bat.
You kill the bat!
A rat comes into view.
Things that are here:
a +2 short sword of flaming; a kobold corpse Your +2 short sword of flaming bursts into flame!
d - a +2 short sword of flaming (weapon)
You are out of magic!
You are out of magic!
The rat squeaks loudly.
You hear a loud squeak.
You hit the rat but do no damage. The rat bites you.
You closely miss the rat. The rat bites you.
A rat comes into view.
You hit the rat. You burn the rat.
You kill the rat!
You see here a rat corpse.
The rat bites you but does no damage.
You closely miss the rat. The rat bites you but does no damage.
You hit the rat. You burn the rat.
You kill the rat!
HP restored.
You now have 16 gold pieces.
e - a scroll labelled UHAAW SUMOECZI
f - a scroll labelled JESTUR HARIQOG
g - a ring of resist corrosion A kobold comes into view.
It is wielding a +0 dagger.
An endoplasm comes into view.
The magic dart hits the kobold.
The kobold is heavily wounded.
The kobold shouts!
The endoplasm quivers.
The magic dart hits the kobold.
You kill the kobold!
The magic dart hits the endoplasm.
The endoplasm is severely wounded.
You are out of magic!
You hit the endoplasm. You burn the endoplasm.
You kill the endoplasm!
Your Dodging skill increases to level 2!
Your Stealth skill increases to level 2!
You see here a +0 dagger.
A kobold comes into view. It is wielding a +0 whip.
A kobold is nearby!
The magic dart hits the kobold.
The kobold is severely wounded.
The kobold shouts!
You hear a loud squeak.
A bat comes into view.
The bat moves out of view.
The magic dart hits the kobold.
You kill the kobold!
You have reached level 2!
Your demonic ancestry asserts itself...
A pair of antennae grows on your head!
You can't go up here!
A bat is nearby!
A rat comes into view.
The rat squeaks loudly.
You hear a shout!
The rat bites you. The rat bites you.
A hobgoblin comes into view.
The rat bites you but does no damage. The rat misses you.
The rat twitches its whiskers.
The rat barely misses you. The rat closely misses you.
The rat closely misses you. The hobgoblin closely misses you.
The rat bites you. The hobgoblin closely misses you. The rat barely misses you.
The hobgoblin hits you but does no damage.
The hobgoblin hits you. The rat misses you. The hobgoblin barely misses you.
The rat bites you. The rat bites you. The hobgoblin hits you.
The rat bites you. The hobgoblin hits you. The hobgoblin hits you.
The rat misses you. The rat bites you. The hobgoblin misses you.
A ball python comes into view.
The hobgoblin closely misses you. The rat closely misses you.
The rat bites you but does no damage. The hobgoblin misses you.
The ball python hisses angrily.
The rat closely misses you. The hobgoblin closely misses you.
The rat barely misses you. The hobgoblin hits you.
The hobgoblin barely misses you. The rat barely misses you.
The hobgoblin barely misses you. The rat bites you.
You die...

### ######### ....
#.......# ....)
#.......#
......#.....).#
.......g.....## ....
.....#.r@....# .....
... #.S.....# ##.#.#.##
. #.......# #....#.##
#.......## [......#.
#........###........
...................#.
...........#...##...#.
.......................
.......................


You could see a hobgoblin, a ball python and a rat.

Vanquished Creatures
  A bat (D:1)
  An endoplasm (D:1)
  3 kobolds (D:1)
  3 rats (D:1)
8 creatures vanquished.

Notes
Turn   | Place    | Note
-------+----------+-------------------------------------------
     0 | D:1      | browni3141 the Demonspawn Conjurer began the quest for the
                  | Orb.
     0 | D:1      | Reached XP level 1. HP: 13/13 MP: 3/3
   164 | D:1      | Gained mutation: You have a pair of small antennae on your
                  | head. [demonic ancestry]
   164 | D:1      | Reached XP level 2. HP: 19/19 MP: 1/5
   195 | D:1      | Slain by a rat

Illustrated notes

Levels and vault maps discovered:
D:1:      spicycebolla_arrival_transporter_tutorial, layout_basic,
          minmay_box_of_dots

Skill      XL: |  1 |
---------------+----+-----
Dodging        | 2 |  2.0
Stealth        | 2 |  2.0
Spellcasting   | |  2.1
Conjurations   | |  4.1

Action                     || total
---------------------------++-------
  Melee: Short sword       ||     6
   Cast: Magic Dart        ||    10
 Armour: Robe              ||    20
  Dodge: Dodged            ||    20
